 Dungeon Crawl Stone Soup version 0.29-a0-397-g846e4a0bbc (webtiles) character file.

Game seed: 14887226312250903645

338 hquester the Ducker (level 6, 0/50 HPs)
             Began as a Demigod Wanderer on May 11, 2022.
             Slain by an ogre
             ... wielding a +0 giant club
              (29 damage)
             ... on level 4 of the Dungeon.
             The game lasted 00:19:16 (3409 turns).

hquester the Ducker (Demigod Wanderer)              Turns: 3409, Time: 00:19:17

Health: 0/50       AC:  7    Str: 18    XL:     6   Next: 7%
Magic:  9/10       EV: 14    Int: 20    God:
Gold:   142        SH:  0    Dex: 16    Spells: 6/7 levels left

rFire   . . .      SeeInvis .   x - +4 dagger
rCold   . . .      Faith    .   (no shield)
rNeg    + . .      Spirit   .   d - +2 leather armour
rPois   .          Reflect  .   (no helmet)
rElec   .          Harm     .   (no cloak)
rCorr   .          Rampage  .   (no gloves)
Will    .....                   v - +1 pair of boots
Stlth   ++........              (no amulet)
HPRegen 0.16/turn               a - ring of positive energy
MPRegen 0.12/turn               u - +6 ring of intelligence

@: no status effects
A: high MP 1, forlorn, divine attributes
a: no special abilities


You were on level 4 of the Dungeon.
You visited 1 branch of the dungeon, and saw 4 of its levels.

You collected 142 gold pieces.

Inventory:

Hand Weapons
 e - a +2 morningstar of protection
 i - a +0 war axe
 o - a +0 spectral quarterstaff
 x - a +4 dagger (weapon)
Missiles
 z - 13 poisoned darts
Armour
 d - a +2 leather armour (worn)
 m - a +0 scale mail
 v - a +1 pair of boots (worn)
Jewellery
 a - a ring of positive energy (left hand)
 k - a ring of protection from fire
 u - a +6 ring of intelligence (right hand)
Scrolls
 b - a scroll of amnesia
 j - 4 scrolls of teleportation
 q - 2 scrolls of fear
 r - a scroll of magic mapping
Potions
 c - 3 potions of heal wounds
 h - a potion of brilliance
 p - a potion of might {unknown}
 A - a potion of degeneration {unknown}
 B - 2 potions of ambrosia
 C - a potion of attraction


   Skills:
 + Level 2.5 Fighting
 + Level 0.7 Short Blades
 + Level 3.3 Axes
 + Level 2.2 Armour
 + Level 5.5 Dodging
 + Level 1.0 Stealth
 + Level 1.0 Spellcasting
 + Level 1.0 Fire Magic


You had 6 spell levels left.
You knew the following spells:

 Your Spells              Type           Power      Damage    Failure   Level
a - Foxfire               Conj/Fire      12%        2x1d4     17%         1

Your spell library contained the following spells:

 Spells                   Type           Power      Damage    Failure   Level
 Inner Flame              Hex/Fire       3%         N/A       45%         3


Dungeon Overview and Level Annotations

Branches:
Dungeon (4/15)
 Temple: D:4-7


Innate Abilities, Weirdness & Mutations

You have an increased reservoir of magic. (+10% MP)
You shall have no god before yourself.
Your divine heritage dramatically boosts your attributes as you level up.


Message History

You have reached level 6!
Your experience leads to a dramatic increase in your attributes!
Your base attributes are Str 14, Int 14, Dex 16.
Increase (S)trength, (I)ntelligence, or (D)exterity?
You feel stronger. x4
You hit the goblin.
The goblin is heavily wounded.
The goblin barely misses you.
You hit the goblin.
You kill the goblin!
b - a scroll of amnesia HP restored.
You see here a ball python corpse.
An ogre is nearby!
The ogre shouts!
The ogre closely misses you.
You hit the ogre. You punch the ogre, but do no damage.
The ogre is lightly wounded.
The ogre hits you with a +0 giant club!
You hit the ogre.
The ogre is moderately wounded.
You barely miss the ogre.
The ogre is moderately wounded.
The ogre hits you with a +0 giant club!!
Ouch! That really hurt!
* * * LOW HITPOINT WARNING * * *
You see here a +0 club.
You feel much better. The ogre hits you with a +0 giant club!
The ogre barely misses you. The ogre attacks as you move away!
The ogre misses you.
Casting: Foxfire (safe; 17% risk of failure)
Confirm with . or Enter, or press ? or * to list all spells.
You conjure some foxfire!
Your foxfire dissipates!
The foxfire hits the ogre.
The ogre is moderately wounded.
The ogre attacks as you move away!
The ogre hits you with a +0 giant club!!
Ouch! That really hurt!
You die...

############# ########
#............ #......#
#............ #...)..#
#............ #.)<†..#
.#########........... ##'#####
........##..÷##...... #.....##
.............##########......#
....................<........#
......>.......)O@...........##
............................#
###.....####.####....########
####### #.# #....# ...
#....... #.... #........
#.....#.........
##...###...####. ##### #...#


You could see an ogre.

Vanquished Creatures
  A phantom (D:3)
  A scorpion (D:4)
  3 orc priests (D:3)
  2 adders
  2 worms (D:3)
  5 dart slugs
  7 orcs
  8 ball pythons
  5 bats
  7 endoplasms
  6 goblins
  6 hobgoblins
  6 jackals
  10 kobolds
  2 quokkas (D:1)
  3 frilled lizards
  4 rats (D:2)
78 creatures vanquished.

Vanquished Creatures (others)
  5 foxfires
5 creatures vanquished.

Grand Total: 83 creatures vanquished

Notes
Turn   | Place    | Note
-------+----------+-------------------------------------------
     0 | D:1      | hquester the Demigod Wanderer began the quest for the Orb.
     0 | D:1      | hquester set off with the following items: a +0 dagger, a
                  | potion of curing, a potion of heal wounds, a +2 leather
                  | armour; and the following spell memorised: Foxfire; and the
                  | following spells available to memorise: Inner Flame
     0 | D:1      | Reached XP level 1. HP: 17/17 MP: 4/4
   243 | D:1      | Noticed a shining eye
   246 | D:1      | Noticed a shining eye
   246 | D:1      | Noticed a floating eye
   246 | D:1      | Noticed a shining eye
   301 | D:1      | Reached XP level 2. HP: 23/24 MP: 5/5
   370 | D:1      | Reached skill level 5 in Dodging
   986 | D:2      | Reached XP level 3. HP: 22/29 MP: 6/6
  1068 | D:2      | Reached skill level 1 in Axes
  1775 | D:3      | Reached XP level 4. HP: 23/36 MP: 8/8
  2038 | D:3      | Reached XP level 5. HP: 29/41 MP: 9/9
  3107 | D:4      | Noticed an ogre
  3200 | D:4      | Reached skill level 1 in Stealth
  3200 | D:4      | Reached XP level 6. HP: 21/50 MP: 10/10
  3409 | D:4      | Slain by an ogre

Illustrated notes

Levels and vault maps discovered:
D:1:      dpeg_arrival_brainrot, layout_basic,
          hellmonk_ecumenical_altar_watching_god
D:2:      minmay_angry_zag, layout_rooms, basic_altar
D:3:      layout_basic, hex_intersection, hangedman_decor_push
D:4:      layout_gridville, gammafunk_ghost_stat_death

Skill      XL: |  1  2  3  4  5 |
---------------+----------------+-----
Dodging        | 5 |  5.5
Axes           | 2 3 |  3.3
Fighting       | 2 |  2.5
Armour         | 2 |  2.2
Stealth        | 1 |  1.0
Short Blades   | |  0.7
Spellcasting   | |  1.0
Fire Magic     | |  1.0

Action                   |  1- 3 |  4- 6 || total
-------------------------+-------+-------++-------
Melee: Hand axe          |   139 |    36 ||   175
       Dagger            |     9 |   101 ||   110
       Punch             |     2 |     4 ||     6
       War axe           |       |     9 ||     9
 Cast: Foxfire           |     1 |     3 ||     4
  Use: Scroll            |       |    12 ||    12
       Potion            |       |     2 ||     2
 Stab: Sleeping          |     1 |     2 ||     3
Armor: Leather armour    |    53 |    50 ||   103
Dodge: Dodged            |   134 |   123 ||   257

Table legend: (Time is in decaauts)
 A = Elapsed time spent in this place.
 B = Non-inter-level travel time spent in this place.
 C = Inter-level travel time spent in this place.
 D = Time resting spent in this place.
 E = Time spent auto-exploring this place.
 F = Levels seen in this place.
 G = Mean time per level.
                   A        B        C        D        E       F      G
               +--------+--------+--------+--------+--------+-----+--------+
         Total |   3447 |   3430 |     17 |      0 |   2324 |   4 |  861.8 |
       Dungeon |   3447 |   3430 |     17 |      0 |   2324 |   4 |  861.8 |
               +--------+--------+--------+--------+--------+-----+--------+

Top non-repeatable levels by time:
     D:3: 1481 daAuts
     D:1: 993 daAuts
     D:2: 699 daAuts
     D:4: 274 daAuts
